 Dungeon Crawl Stone Soup version 0.25-a0-713-g4845790874 (webtiles) character file.

Game seed: 7064989955388026009, levelgen mode: deterministic

680 MisterFreud the Shield-Bearer (level 7, -2/60 HPs)
             Began as a Gnoll Fighter on Apr 5, 2020.
             Slain by an orc warrior
             ... wielding a +0 halberd
              (16 damage)
             ... on level 4 of the Dungeon.
             The game lasted 00:07:04 (3036 turns).

MisterFreud the Shield-Bearer (Gnoll Fighter)       Turns: 3036, Time: 00:07:05

Health: -2/60      AC: 13    Str: 19    XL:     7   Next: 60%
Magic:  10/10      EV:  7    Int: 12    God:
Gold:   122        SH: 11    Dex: 14    Spells: 11/11 levels left

rFire    . . .     SeeInvis .   a - +0 rapier
rCold    . . .     Gourm    .   c - +0 kite shield
rNeg     . . .     Faith    .   r - +0 chain mail
rPois    .         Spirit   .   n - +0 helmet
rElec    .         Reflect  .   (no cloak)
rCorr    .         Harm     .   v - +0 pair of gloves
MR       .....                  (no boots)
Stlth    ..........             A - amulet of magic regeneration
HPRegen  0.20/turn              (no ring)
MPRegen  0.37/turn              (no ring)

@: no status effects
A: distributed training, fangs 1, strong nose
a: no special abilities


You were on level 4 of the Dungeon.
You were very hungry.

You visited 1 branch of the dungeon, and saw 4 of its levels.

You collected 122 gold pieces.

Inventory:

Hand Weapons
 a - a +0 rapier (weapon)
 i - a cursed -2 dagger
 u - a cursed -1 dagger
 C - a +3 short sword of protection
Missiles
 b - 58 arrows
 e - 123 stones (quivered)
 j - 52 sling bullets
 k - 30 poisoned darts
 x - 45 bolts
Armour
 c - a +0 kite shield (worn)
 n - a +0 helmet (worn)
 r - a +0 chain mail (worn)
 v - a +0 pair of gloves (worn)
Jewellery
 A - an amulet of magic regeneration (around neck)
Wands
 m - a wand of polymorph (4)
Scrolls
 g - a scroll of magic mapping
 l - a scroll of fog {unknown}
 o - 4 scrolls of teleportation
 p - a scroll of blinking {unknown}
 t - a scroll of remove curse {unknown}
 y - a scroll of identify
Potions
 d - a potion of might
 h - a potion of lignification {unknown}
 q - a potion of ambrosia {unknown}
 s - 2 potions of degeneration
 z - 2 potions of curing {unknown}
Comestibles
 f - 4 rations


   Skills:
 + Level 7.0 Fighting
 + Level 5.2 Short Blades
 + Level 2.5 Long Blades
 + Level 2.5 Axes
 + Level 2.5 Maces & Flails
 + Level 2.5 Polearms
 + Level 2.5 Staves
 + Level 2.5 Slings
 + Level 2.5 Bows
 + Level 2.5 Crossbows
 + Level 2.5 Throwing
 + Level 7.0 Armour
 + Level 2.5 Dodging
 + Level 2.5 Stealth
 + Level 7.0 Shields
 + Level 2.5 Unarmed Combat
 + Level 2.5 Spellcasting
 + Level 2.0 Conjurations
 + Level 2.0 Hexes
 + Level 2.0 Charms
 + Level 2.0 Summonings
 + Level 2.0 Necromancy
 + Level 2.0 Translocations
 + Level 2.0 Transmutations
 + Level 2.0 Fire Magic
 + Level 2.0 Ice Magic
 + Level 2.0 Air Magic
 + Level 2.0 Earth Magic
 + Level 2.0 Poison Magic
 + Level 2.8 Invocations
 + Level 2.5 Evocations


You had 11 spell levels left.
You didn't know any spells.
Your spell library contained the following spells:

 Spells                   Type           Power        Failure   Level  Hunger
 Animate Skeleton         Necr           N/A          96%         1    #......


Dungeon Overview and Level Annotations

Branches:
Dungeon (4/15)
 Temple: D:4-7

Altars:
Hepliaklqana
Kikubaaqudgha
Sif Muna
Vehumet


Innate Abilities, Weirdness & Mutations

Your experience applies equally to all skills.
You have very sharp teeth.
Your uncanny sense of smell can sniff out nearby items.


Message History

You block the orc priest's attack.
The orc warrior hits you but does no damage.
You hit the orc priest.
The orc priest is heavily wounded.
You hit the orc priest.
You bite the orc priest, but do no damage.
The orc priest is severely wounded.
The orc priest invokes the aid of Beogh against you.
Beogh smites you! You block the orc warrior's attack.
You barely miss the orc priest.
You bite the orc priest, but do no damage.
The orc priest is severely wounded.
The orc priest invokes the aid of Beogh against you.
Beogh smites you! You block the orc warrior's attack.
You puncture the orc priest!
You kill the orc priest!
The orc warrior hits you with a +0 halberd!
* * * LOW HITPOINT WARNING * * *
The orc warrior hits you from afar with a +0 halberd!
You die...

*,,,,,,#.........#************
***,,,,#.........+,,,,,,,,,,,,
******,,,,#.........###******,,*,
,,,,,+,,,,+...........# *,,*,
,*****,,,,*#..........# *,,*,
,*****,,,,*..#........##*****,,**
,,,,,,,,,,,,,#.o).........,,,,,,,
##############.)##########***,,,,
................@.......,,,,**,*,
##############..##......,,,,,,,*,
##.#*,#####***,****, #.#*,*
*∆,,,,,*, #.#*,* *,*,,,,*, #.#*,*
*,******, #.#*,* *,,,,,,,, #.#*,*
********* *,**,*


You could see an orc warrior.

Vanquished Creatures
  Grinder (D:3)
  A bullfrog (D:3)
  A hound (D:4)
  An orc priest (D:4)
  Terence (D:2)
  Natasha (thrice) (D:2)
  An orc wizard (D:3)
  2 worker ants (D:4)
  Robin (D:1)
  9 adders
  An ooze (D:1)
  3 worms
  2 dart slugs
  A leopard gecko (D:4)
  8 orcs
  2 giant cockroaches
  13 goblins
  16 hobgoblins
  8 jackals
  10 kobolds
  4 quokkas
  A ball python (D:1)
  9 bats
  5 frilled lizards
  9 rats
113 creatures vanquished.

Vanquished Creatures (others)
  An ogre (D:4)
1 creature vanquished.

Grand Total: 114 creatures vanquished

Notes
Turn   | Place    | Note
-------+----------+-------------------------------------------
     0 | D:1      | MisterFreud the Gnoll Fighter began the quest for the Orb.
     0 | D:1      | Reached XP level 1. HP: 23/23 MP: 1/1
    56 | D:1      | Reached XP level 2. HP: 29/29 MP: 2/2
   198 | D:1      | Reached XP level 3. HP: 33/35 MP: 3/3
   521 | D:2      | Noticed Robin
   539 | D:1      | Killed Robin
   539 | D:1      | Reached skill level 1 in Invocations
   597 | D:1      | Reached skill level 1 in Long Blades
   597 | D:1      | Reached skill level 1 in Axes
   597 | D:1      | Reached skill level 1 in Maces & Flails
   597 | D:1      | Reached skill level 1 in Polearms
   597 | D:1      | Reached skill level 1 in Staves
   597 | D:1      | Reached skill level 1 in Slings
   597 | D:1      | Reached skill level 1 in Bows
   597 | D:1      | Reached skill level 1 in Crossbows
   597 | D:1      | Reached skill level 1 in Throwing
   597 | D:1      | Reached skill level 1 in Dodging
   597 | D:1      | Reached skill level 1 in Stealth
   597 | D:1      | Reached skill level 1 in Unarmed Combat
   597 | D:1      | Reached skill level 1 in Spellcasting
   597 | D:1      | Reached skill level 1 in Evocations
   643 | D:1      | Reached XP level 4. HP: 17/41 MP: 5/5
   993 | D:2      | Noticed Natasha
  1031 | D:2      | Killed Natasha
  1031 | D:2      | Reached skill level 1 in Conjurations
  1031 | D:2      | Reached skill level 1 in Hexes
  1031 | D:2      | Reached skill level 1 in Charms
  1031 | D:2      | Reached skill level 1 in Summonings
  1031 | D:2      | Reached skill level 1 in Necromancy
  1031 | D:2      | Reached skill level 1 in Translocations
  1031 | D:2      | Reached skill level 1 in Transmutations
  1031 | D:2      | Reached skill level 1 in Fire Magic
  1031 | D:2      | Reached skill level 1 in Ice Magic
  1031 | D:2      | Reached skill level 1 in Air Magic
  1031 | D:2      | Reached skill level 1 in Earth Magic
  1031 | D:2      | Reached skill level 1 in Poison Magic
  1040 | D:2      | Reached XP level 5. HP: 47/47 MP: 6/6
  1117 | D:2      | Noticed Terence
  1131 | D:2      | Killed Terence
  1271 | D:2      | Found an ancient bone altar of Kikubaaqudgha.
  1271 | D:2      | Found a shimmering blue altar of Sif Muna.
  1273 | D:2      | Found a radiant altar of Vehumet.
  1275 | D:2      | Identified Kikubaaqudgha's Grimoire of Necromancy
  1506 | D:2      | Noticed Natasha
  1519 | D:2      | Killed Natasha
  1578 | D:2      | Noticed Natasha
  1585 | D:2      | Killed Natasha
  1585 | D:2      | Reached XP level 6. HP: 45/53 MP: 8/8
  1938 | D:3      | Noticed Grinder
  1944 | D:3      | Paralysed by Grinder for 5 turns
  1953 | D:3      | Paralysed by Grinder for 3 turns
  1964 | D:3      | Killed Grinder
  1964 | D:3      | Reached skill level 5 in Short Blades
  1964 | D:3      | Reached XP level 7. HP: 25/59 MP: 8/10
  2447 | D:3      | Found a hazy altar of Hepliaklqana.
  3036 | D:4      | Slain by an orc warrior

Levels and vault maps discovered:
D:1:      noname_arrival_rooms_in_the_neighbourhood, layout_rooms
D:2:      layout_loops_ring, grunt_temple_overflow_magic_moments,
          minmay_pentomino_t4, uniq_robin, uniq_terence, uniq_natasha
D:3:      layout_loops_ring, nicolae_overflow_hidden_temple, uniq_grinder
D:4:      layout_basic, minitemple, first_ration, gup_sewer_entry_pipe

Skill      XL: |  1  2  3  4  5  6  7 |
---------------+----------------------+-----
Invocations    | 1 2 |  2.8
Long Blades    | 1 2 |  2.5
Axes           | 1 2 |  2.5
Maces & Flails | 1 2 |  2.5
Polearms       | 1 2 |  2.5
Staves         | 1 2 |  2.5
Slings         | 1 2 |  2.5
Bows           | 1 2 |  2.5
Crossbows      | 1 2 |  2.5
Throwing       | 1 2 |  2.5
Dodging        | 1 2 |  2.5
Stealth        | 1 2 |  2.5
Unarmed Combat | 1 2 |  2.5
Spellcasting   | 1 2 |  2.5
Evocations     | 1 2 |  2.5
Conjurations   | 1 2 |  2.0
Hexes          | 1 2 |  2.0
Charms         | 1 2 |  2.0
Summonings     | 1 2 |  2.0
Necromancy     | 1 2 |  2.0
Translocations | 1 2 |  2.0
Transmutations | 1 2 |  2.0
Fire Magic     | 1 2 |  2.0
Ice Magic      | 1 2 |  2.0
Air Magic      | 1 2 |  2.0
Earth Magic    | 1 2 |  2.0
Poison Magic   | 1 2 |  2.0
Short Blades   | 5 |  5.2
Fighting       | 7 |  7.0
Armour         | 7 |  7.0
Shields        | 7 |  7.0

Action                   |  1- 3 |  4- 6 |  7- 9 || total
-------------------------+-------+-------+-------++-------
Melee: Rapier            |   103 |   189 |   126 ||   418
       Bite              |     9 |    15 |    15 ||    39
       Unarmed           |     2 |       |       ||     2
  Use: Scroll            |       |       |     4 ||     4
  Eat: Chunk             |       |     4 |     2 ||     6
Armor: Scale mail        |    48 |    16 |       ||    64
       Skin              |       |     8 |       ||     8
       Chain mail        |       |    43 |    58 ||   101
Dodge: Dodged            |    38 |    21 |    33 ||    92
Block: Kite shield       |    71 |    84 |    65 ||   220

Table legend:
 A = Non-vault XP
 B = Vault XP
 C = Vault XP percentage of total XP
 D = Non-vault monster count
 E = Vault monster count
 F = Vault count percentage of total count
                 A         B        C        D         E       F
            +---------+---------+-------+---------+---------+-------
      Total |     583 |     389 |  40.0 |      95 |      19 |  16.7
            +---------+---------+-------+---------+---------+-------
        D:1 |      66 |      34 |  34.0 |      29 |      11 |  27.5
        D:2 |     172 |      83 |  32.5 |      30 |       7 |  18.9
        D:3 |     212 |     272 |  56.2 |      27 |       1 |   3.6
        D:4 |     133 |       0 |   0.0 |       9 |       0 |   0.0
            +---------+---------+-------+---------+---------+-------
